 Dungeon Crawl Stone Soup version 0.19.5 (webtiles) character file.

800 Gargoyl the Skirmisher (level 7, -6/60 HPs)
             Began as a Ghoul Abyssal Knight on May 22, 2017.
             Was a Priest of Lugonu.
             Mangled by a gargoyle
             ... wielding a +0 flail
              (11 damage)
             ... on level 5 of the Dungeon.
             The game lasted 00:12:53 (3755 turns).

Gargoyl the Skirmisher (Ghoul Abyssal Knight)       Turns: 3755, Time: 00:12:54

Health: -6/60      AC: 14    Str: 19    XL:     7   Next: 90%
Magic:  5/9        EV:  6    Int:  7    God:    Lugonu [***...]
Gold:   178        SH:  2    Dex: 10    Spells: 0 memorised, 6 levels left

rFire  . . .     SeeInvis .     a - +2 hand axe
rCold  + . .     Gourm    .     d - +1 plate armour
rNeg   + + +     Faith    .     (no shield)
rPois  ∞         Spirit   .     (no helmet)
rElec  .         Reflect  +     (no cloak)
rCorr  .         Harm     .     x - +0 pair of gloves
MR     .....                    (no boots)
Stlth  ..........               o - +2 amulet of reflection
                                s - +3 ring of strength
                                (no ring)

@: flying, rotting
A: rotting body, claws 1, carnivore 3, cold resistance 1, negative energy
resistance 3, slow regeneration 1, torment resistance, unbreathing
a: Depart the Abyss, Bend Space, Banish, Renounce Religion


You were on level 5 of the Dungeon.
You worshipped Lugonu.
Lugonu was most pleased with you.
You were not hungry.

You visited 1 branch of the dungeon, and saw 5 of its levels.
You visited the Abyss 1 time.
You also visited: Sewer.

You collected 178 gold pieces.

Inventory:

Hand Weapons
 a - a +2 hand axe (weapon)
Armour
 d - a +1 plate armour (worn)
 x - a +0 pair of gloves (worn)
Jewellery
 e - an uncursed ring of ice
 o - a +2 amulet of reflection (around neck)
 s - a +3 ring of strength (right hand)
Wands
 v - a wand of disintegration (5/24)
 w - a wand of disintegration (6/24)
Scrolls
 f - a scroll of enchant armour
 g - 2 scrolls of fog
 i - a scroll of remove curse
 u - a scroll of magic mapping
Potions
 h - a potion of invisibility {unknown}
 m - 3 potions of brilliance {unknown}
 p - 2 potions of flight
 q - 2 potions of heal wounds {unknown}
 r - 2 potions of lignification {unknown}
 t - a potion of magic {unknown}
Comestibles
 b - 3 slices of pizza
 c - 4 meat rations
 j - 8 chunks of flesh
 k - a royal jelly
 n - a beef jerky


   Skills:
 + Level 4.9 Fighting
 + Level 4.7 Axes
 * Level 4.8 Armour
 + Level 1.1 Dodging
 * Level 4.0 Invocations


You had 6 spell levels left.
You didn't know any spells.

Dungeon Overview and Level Annotations

Branches:
Dungeon (5/15)
 Temple: D:4-7

Altars:
Elyvilon
Makhleb
Okawaru
Uskayaw
Vehumet

Annotations:
D:5 siprus's ghost, amateur DsAK


Innate Abilities, Weirdness & Mutations

Your body is rotting away.
You thrive on raw meat.
You are immune to poison.
You have sharp fingernails.
You are carnivorous and can eat meat at any time.
Your flesh is cold resistant. (rC+)
You are immune to negative energy. (rN+++)
You regenerate slowly when monsters are visible.
You are immune to unholy pain and torment.
You can survive without breathing.


Message History

Press: ? - help, Shift-Dir - straight line, f/p - gargoyle
Aim: a gargoyle, wielding a flail (chance to defeat MR: 69%)
You fail to use your ability.
Press: ? - help, Shift-Dir - straight line, f/p - gargoyle
Aim: a gargoyle, wielding a flail (chance to defeat MR: 69%)
You fail to use your ability.
The gargoyle hurls a stone arrow at you.
The stone arrow hits you!
* * * LOW HITPOINT WARNING * * *
You feel better. The gargoyle barely misses you.
You feel better. The gargoyle hits you with a flail.
* * * LOW HITPOINT WARNING * * *
It was a potion of flight.
You feel very buoyant.
You fly up into the air.
The gargoyle hits you with a flail.
* * * LOW HITPOINT WARNING * * *
Press: ? - help, Shift-Dir - straight line, f/p - gargoyle
Aim: a gargoyle, wielding a flail (chance to defeat MR: 69%)
You fail to use your ability.
The gargoyle hits you with a flail!
You die...

#.##......J.......#
#.###≈..♣..r#######
#.# #≈≈...≈≈# #.#
###...### #.#
##.########## # #..
...........# .####
###
##.########.#......
# .r......<.....# #
#.####..9@####### .
#.#####....<.....
.. ...............
..# #####.#........
#.#.#......
#+#........
......... .........
....#####


You could see a gargoyle.

Vanquished Creatures
  The ghost of siprus the Agent of Entropy, an amateur DsAK of Lugonu (D:4)
  A phantom (D:4)
  A centaur (D:5)
  A big kobold (Sewer)
  A howler monkey (D:4)
  3 hounds
  Terence (D:3)
  4 worker ants
  6 adders
  2 river rats (Sewer)
  An ooze (D:4)
  3 worms
  3 dart slugs (D:1)
  2 leopard geckos
  9 orcs
  9 bats
  8 giant cockroaches
  7 goblins
  7 hobgoblins
  10 jackals
  8 kobolds
  3 quokkas
  A ball python (D:2)
  7 frilled lizards
  9 rats
108 creatures vanquished.

Vanquished Creatures (others)
  A leopard gecko skeleton (D:5)
1 creature vanquished.

Grand Total: 109 creatures vanquished

Notes
Turn   | Place    | Note
-------+----------+-------------------------------------------
     0 | Abyss:1  | Gargoyl the Ghoul Abyssal Knight began the quest for the Orb.
     0 | Abyss:1  | Reached XP level 1. HP: 19/19 MP: 1/1
    26 | Abyss:2  | Noticed a reaper
    36 | D:1      | Escaped the Abyss
   238 | D:1      | Reached skill level 1 in Dodging
   238 | D:1      | Reached XP level 2. HP: 23/26 MP: 2/2
   247 | D:1      | Reached * piety under Lugonu
   729 | D:1      | Reached XP level 3. HP: 31/31 MP: 3/3
  1111 | D:2      | Found an iron altar of Okawaru.
  1213 | D:2      | Reached ** piety under Lugonu
  1244 | D:2      | Found a hide-covered altar of Uskayaw.
  1282 | D:2      | Reached XP level 4. HP: 40/40 MP: 4/4
  1566 | D:3      | Noticed Terence
  1582 | D:3      | Killed Terence
  1712 | D:3      | You fall through a shaft for 2 floors!
  1712 | D:5      | Entered Level 5 of the Dungeon
  1744 | D:5      | Noticed a centaur
  1745 | D:5      | Found a radiant altar of Vehumet.
  1761 | D:5      | Killed a centaur
  1761 | D:5      | Reached XP level 5. HP: 9/46 MP: 6/6
  1801 | D:5      | Found a white marble altar of Elyvilon.
  1812 | D:5      | Noticed siprus's ghost (amateur DsAK)
  1955 | D:3      | Reached XP level 6. HP: 49/52 MP: 7/7
  2076 | D:3      | Found a glowing drain.
  2084 | Sewer    | Entered a sewer
  2225 | Sewer    | Found a white marble altar of Elyvilon.
  2583 | D:3      | Found a burning altar of Makhleb.
  3063 | D:4      | Noticed siprus's ghost (amateur DsAK)
  3079 | D:4      | Reached XP level 7. HP: 37/60 MP: 8/8
  3105 | D:4      | Reached *** piety under Lugonu
  3237 | D:4      | Killed siprus's ghost
  3739 | D:5      | Noticed a gargoyle
  3755 | D:5      | Mangled by a gargoyle

Skill      XL: |  1  2  3  4  5  6  7 |
---------------+----------------------+-----
Axes           | 2 3 4 |  4.7
Dodging        | 1 |  1.1
Armour         | 2 3 4 |  4.8
Fighting       | 4 |  4.9
Invocations    | 3 4 |  4.0

Action                   |  1- 3 |  4- 6 |  7- 9 || total
-------------------------+-------+-------+-------++-------
Melee: Hand axe          |   131 |   257 |   133 ||   521
Invok: Depart the Abyss  |     1 |       |       ||     1
       Banish            |       |       |     1 ||     1
  Use: Scroll            |     1 |     7 |     2 ||    10
       Potion            |       |       |     6 ||     6
  Eat: Chunk             |    17 |    27 |    17 ||    61
Armor: Plate armour      |   100 |   216 |   135 ||   451
Dodge: Dodged            |    25 |    89 |    66 ||   180
Block: Other             |       |     2 |    18 ||    20
